 Dungeon Crawl Stone Soup version 0.29-a0-393-g47a863cc1b (webtiles) character file.

Game seed: 17344292750780324804

3983 loir the Fighter (level 10, -2/79 HPs)
             Began as a Djinni Conjurer on May 7, 2022.
             Was a Follower of Makhleb.
             Slain by a killer bee (11 damage)
             ... on level 8 of the Dungeon on May 9, 2022.
             The game lasted 01:19:00 (9889 turns).

loir the Fighter (Djinni Conjurer)                  Turns: 9889, Time: 01:19:01

Health: -2/79      AC:  6    Str:  6    XL:     10   Next: 46%
Gold:   460        EV: 16    Int: 23    God:    Makhleb [*.....] SH:  0 Dex: 13

rFire   + + .      SeeInvis .   g - staff of air
rCold   x . .      Faith    .   (no shield)
rNeg    . . .      Spirit   .   m - +2 robe {Will+}
rPois   ∞          Reflect  .   (no helmet)
rElec   +          Harm     .   l - +0 cloak
rCorr   .          Rampage  .   u - +0 pair of gloves
Will    +++..                   (boots unavailable)
Stlth   ++........              (no amulet)
HPRegen 0.23/turn               o - ring of willpower
MPRegen 0.00/turn               F - +4 ring of evasion

@: about to teleport, flying
A: sickness immunity, fire resistance 2, cold vulnerability 1, float, innate
caster, HP casting, extra vitality 1
a: Renounce Religion


You were on level 8 of the Dungeon.
You worshipped Makhleb.
Makhleb was aware of your devotion.
You visited 2 branches of the dungeon, and saw 9 of its levels.

You collected 516 gold pieces.
You paid 56 gold pieces to Gozag.

Inventory:

Hand Weapons
 d - a +2 dagger of venom
 h - a +2 dagger of freezing
 j - a +0 short sword of protection
 y - a +2 dagger of draining
 z - a +2 falchion of electrocution
Missiles
 f - 296 stones
 w - 4 boomerangs
 x - 2 throwing nets
 I - 22 poisoned darts
Armour
 a - a +1 robe
 e - +0 steam dragon scales
 l - a +0 cloak (worn)
 m - a +2 robe of willpower (worn)
 q - a +3 scale mail of fire resistance
 u - a +0 pair of gloves (worn)
 D - a +3 leather armour
 J - a +0 plate armour of cold resistance
Magical Staves
 g - a staff of air (weapon)
Jewellery
 o - a ring of willpower (left hand)
 E - a ring of positive energy
 F - a +4 ring of evasion (right hand)
Wands
 c - a wand of polymorph (8)
 k - a wand of charming (2)
 p - a wand of flame (20)
 s - a wand of acid (9)
Scrolls
 n - 3 scrolls of teleportation
 r - 2 scrolls of magic mapping
 t - a scroll of enchant weapon
 G - a scroll of enchant armour
Potions
 b - 5 potions of resistance
 i - 2 potions of cancellation
 v - 2 potions of curing
 A - a potion of brilliance
 B - a potion of berserk rage
 C - 2 potions of mutation
 H - a potion of ambrosia {unknown}


   Skills:
 * Level 9.7 Fighting
 - Level 2.1 Dodging
 - Level 1.5 Stealth
 * Level 9.0 Spellcasting


You had 4 spell levels left.
You knew the following spells:

 Your Spells              Type           Power      Damage    Failure   Level
a - Magic Dart            Conj           100%       1d8       1%          1
b - Searing Ray           Conj           100%       2d8       1%          2
c - Dazzling Flash        Conj/Hex       100%       N/A       1%          3
d - Fulminant Prism       Conj/Hex       25%        3d14      1%          4
e - Iskenderun's Mystic   Conj/Tloc      51%        2d11      1%          4
f - Freeze                Ice            100%       1d11      1%          1
g - Static Discharge      Conj/Air       67%        N/A       1%          2
h - Call Imp              Summ           51%        N/A       1%          2
i - Passage of Golubria   Tloc           51%        N/A       1%          4
Your spell library was empty.

Dungeon Overview and Level Annotations

Branches:
Dungeon (8/15)             Temple (1/1) D:5
   Lair: D:8-11

Altars:
Ashenzari
Cheibriados
Dithmenos
Elyvilon
Fedhas
Gozag
Hepliaklqana
Makhleb
Nemelex Xobeh
Okawaru
Qazlal
Ru
Sif Muna
Trog
Uskayaw
Vehumet
Xom
Yredelemnul
Zin

Shops:
D:4 [

Annotations:
D:7 1 runed translucent door, jujuben's ghost, novice TrGl


Innate Abilities, Weirdness & Mutations

You are immune to sickness and miasma.
You are immune to poison.
Your flesh is very heat resistant. (rF++)
You are vulnerable to cold. (rC-)
You float through the air rather than walking.
You learn spells naturally, not from books.
Your magical power is your life essence.
You have superior vitality. (+4 MHP)


Message History

The killer bee stings your fulminant prism but does no damage.
Your fulminant prism explodes!
The blast of energy engulfs the killer bee!!
You kill the killer bee!
Makhleb accepts your kill.
The blast of energy engulfs the killer bee!!
You kill the killer bee!
Makhleb accepts your kill.
You can now gain health from killing.
The blast of energy engulfs the killer bee!
You kill the killer bee!
Makhleb accepts your kill.
Your Spellcasting skill increases to level 9!
You start resting.
A killer bee comes into view.
Gozag incites the killer bee against you.
The killer bee goes berserk!
Aiming: Magic Dart (safe; 1% risk of failure)
Press: ? - help, Q - select action, (/) - cycle Shift-Dir - straight line, f - killer bee
Aim: a killer bee (berserk, incited by Gozag, 100% to hit)
The magic dart hits the killer bee but does no damage.
Casting: Magic Dart (safe; 1% risk of failure)
Confirm with . or Enter, or press ? or * to list all spells.
Aiming: Searing Ray (safe; 1% risk of failure)
Press: ? - help, Shift-Dir - straight line, f/p - killer bee
Aim: a killer bee (berserk, incited by Gozag, 65% to hit)
The searing ray hits the killer bee.
The killer bee is moderately wounded. (Press . to maintain the ray.)
The killer bee stings you! x2; The killer bee closely misses you.
The searing ray hits the killer bee!
The killer bee is heavily wounded.
The killer bee stings you!
* * * LOW HITPOINT WARNING * * *
The killer bee misses you. The killer bee stings you.
* * * LOW HITPOINT WARNING * * *
As you read the scroll of teleportation, it crumbles to dust.
You feel strangely unstable. The killer bee stings you.
* * * LOW HITPOINT WARNING * * *
The killer bee stings you!
You die...

###### ..... ##..†###.#
....... #...#
.###.##.y.#
.......@..#####.
########........
##'####### ..# ##...##
#.# ##.....## #####.##
##.......## +....... #
#.........####...#.##
..+.........+...<....##
...........###.......#


You could see a killer bee (berserk, incited).

Vanquished Creatures
  Pikel (D:5)
  A kobold demonologist (D:5)
  Sigmund (D:2)
  Eustachio (D:5)
  A steam dragon (D:7)
  Duvessa (D:7)
  2 orc warriors (D:7)
  An ice beast (D:5)
  An ogre (D:6)
  4 sky beasts
  A black bear (D:5)
  2 centaurs
  2 phantoms
  3 lemures
  A kobold brigand (D:7)
  Blork the orc (D:6)
  A bullfrog (D:8)
  A scorpion (D:5)
  A necrophage (D:4)
  4 wights (D:6)
  Dowan (D:7)
  9 killer bees
  An electric eel (D:6)
  A crimson imp (D:6)
  2 hounds (D:4)
  3 jellies
  3 orc priests
  An iguana (D:5)
  Terence (D:2)
  2 orc wizards (D:7)
  4 gnolls (D:3)
  4 adders
  A white imp (D:6)
  2 ufetubi
  3 worms
  2 dart slugs (D:4)
  20 orcs
  5 bats
  6 endoplasms
  7 giant cockroaches
  6 goblins
  3 hobgoblins
  A jackal (D:4)
  4 quokkas
  7 ball pythons
  5 frilled lizards
  12 kobolds
  6 rats
  A spectral kobold (D:6)
154 creatures vanquished.

Vanquished Creatures (others)
  11 fulminant prisms
11 creatures vanquished.

Grand Total: 165 creatures vanquished

Notes
Turn   | Place    | Note
-------+----------+-------------------------------------------
     0 | D:1      | loir the Djinni Conjurer began the quest for the Orb.
     0 | D:1      | Reached XP level 1. HP: 15/15 MP: 0/0
   465 | D:1      | Reached XP level 2. HP: 20/22 MP: 0/0
   670 | D:1      | Reached skill level 1 in Fighting
  1167 | D:2      | Reached XP level 3. HP: 26/27 MP: 0/0
  1167 | D:2      | Learned a level 1 spell: Freeze
  1525 | D:2      | Found a faded altar of an unknown god.
  1549 | D:2      | Noticed Sigmund
  1562 | D:2      | Killed Sigmund
  1563 | D:2      | Reached XP level 4. HP: 12/34 MP: 0/0
  1563 | D:2      | Reached XP level 5. HP: 14/40 MP: 0/0
  1563 | D:2      | Learned a level 2 spell: Static Discharge
  1563 | D:2      | Reached XP level 6. HP: 15/45 MP: 0/0
  1992 | D:2      | Upgraded the game from 0.29-a0-384-g6960b1960d to
                  | 0.29-a0-393-g47a863cc1b
  2139 | D:2      | Noticed Terence
  2148 | D:2      | Killed Terence
  2149 | D:2      | Reached skill level 5 in Spellcasting
  2639 | D:3      | Found a white marble altar of Elyvilon.
  3076 | D:3      | Found a shimmering altar of Xom.
  3257 | D:4      | Reached XP level 7. HP: 32/50 MP: 0/0
  3257 | D:4      | Learned a level 2 spell: Call Imp
  3789 | D:4      | Found Pufiubol's Armour Shop.
  4379 | D:5      | Entered Level 5 of the Dungeon
  4721 | D:5      | Found a staircase to the Ecumenical Temple.
  4740 | Temple   | Entered the Ecumenical Temple
  5095 | Temple   | Became a worshipper of Gozag Ym Sagoz the Greedy
  5160 | D:5      | Reached XP level 8. HP: 56/58 MP: 0/0
  5299 | D:5      | Noticed Eustachio
  5300 | D:5      | Noticed a kobold demonologist
  5537 | D:5      | Killed a kobold demonologist
  5538 | D:5      | Reached skill level 5 in Fighting
  5550 | D:5      | Killed Eustachio
  6195 | D:6      | Reached XP level 9. HP: 41/67 MP: 0/0
  6195 | D:6      | Learned a level 4 spell: Passage of Golubria
  6348 | D:6      | Found a hazy altar of Hepliaklqana.
  6498 | D:6      | Noticed Pikel
  6512 | D:6      | Noticed Blork the orc
  6896 | D:5      | Killed Pikel
  7179 | D:6      | Killed Blork the orc
  7519 | D:6      | Found a burning altar of Makhleb.
  7598 | D:6      | Fell from the grace of Gozag
  7598 | D:6      | Became a worshipper of Makhleb the Destroyer
  7622 | D:7      | Noticed Duvessa
  7622 | D:7      | Noticed Dowan
  7627 | D:7      | Killed Duvessa
  7629 | D:7      | Killed Dowan
  7706 | D:7      | Reached XP level 10. HP: 23/77 MP: 0/0
  8035 | D:7      | Found a runed translucent door.
  8035 | D:7      | Noticed jujuben's ghost (novice TrGl)
  8631 | D:7      | Reached * piety under Makhleb
  9003 | D:8      | Noticed a gargoyle
  9889 | D:8      | Slain by a killer bee

Illustrated notes

Levels and vault maps discovered:
D:1:      minmay_arrival_four_houses, layout_basic, minmay_misc_feat_tiny,
          minmay_worlds_worst_comb
D:2:      layout_basic, ebering_ecumenical_altar_abandoned, uniq_terence,
          uniq_sigmund
D:3:      layout_rooms, mainiacjoe_overflow_boulevard, tgw_xom
D:4:      kennysheep_six_static_rooms, layout_rooms, serial_shops,
          nicolae_inconvenience_store
D:5:      layout_rooms, minmay_temple_entry_mini_moons, uniq_eustachio
D:6:      layout_rooms, grunt_temple_overflow_lords_of_destruction,
          nicolae_hepliaklqana_monster_ancestors, minmay_misc_feat_plants,
          serial_bayou_ford_a, uniq_blork_the_orc, uniq_pikel
D:7:      wander_river, layout_rooms, gammafunk_ghost_grave, uniq_duvessa
D:8:      layout_loops_corners, lemuel_round_altar, kennysheep_mini,
          serial_glass, glass_columns_c, glass_columns_b, uniq_maurice
Temple:   dpeg_chambers_temple

Skill      XL: |  1  2  3  4  5  6  7  8  9 10 |
---------------+-------------------------------+-----
Fighting       | 1 2 3 4 6 8 9 |  9.7
Spellcasting   | 4 5 6 7 8 9 |  9.0
Dodging        | |  2.1
Stealth        | |  1.5

Action                   |  1- 3 |  4- 6 |  7- 9 | 10-12 || total
-------------------------+-------+-------+-------+-------++-------
Throw: Dart              |       |       |       |    17 ||    17
       Stone             |       |       |       |     2 ||     2
 Cast: Magic Dart        |    54 |    29 |   108 |    27 ||   218
       Searing Ray       |     2 |    19 |    51 |    21 ||    93
       Dazzling Flash    |       |     1 |     1 |       ||     2
       Static Discharge  |       |       |     2 |       ||     2
       Fulminant Prism   |       |       |    11 |     2 ||    13
       Call Imp          |       |       |     3 |       ||     3
       Iskenderun's Myst |       |       |     4 |    12 ||    16
       Freeze            |       |       |       |     5 ||     5
  Use: Scroll            |     7 |     8 |     7 |     1 ||    23
Armor: Robe              |       |     8 |    14 |     8 ||    30
Dodge: Dodged            |     7 |    29 |    79 |    66 ||   181

Table legend: (Time is in decaauts)
 A = Elapsed time spent in this place.
 B = Non-inter-level travel time spent in this place.
 C = Inter-level travel time spent in this place.
 D = Time resting spent in this place.
 E = Time spent auto-exploring this place.
 F = Levels seen in this place.
 G = Mean time per level.
                   A        B        C        D        E       F      G
               +--------+--------+--------+--------+--------+-----+--------+
         Total |   9903 |   9474 |    429 |   3465 |   4675 |   9 | 1100.3 |
       Dungeon |   9539 |   9207 |    332 |   3465 |   4459 |   8 | 1192.4 |
        Temple |    363 |    266 |     97 |      0 |    216 |   1 |  363.0 |
               +--------+--------+--------+--------+--------+-----+--------+

Top non-repeatable levels by time:
     D:6: 1773 daAuts
     D:5: 1772 daAuts
     D:2: 1331 daAuts
     D:7: 1275 daAuts
     D:4: 1177 daAuts
     D:1: 1160 daAuts
     D:3: 707 daAuts
  Temple: 363 daAuts
     D:8: 339 daAuts
